cohdb
Replays
Latest Replays
All Replays
Popular Replays
Top Player Replays
Match Explorer
How It Works
Community
CoH3 Stats
Reddit
Sign in to upload your games and track your stats! →
Sign in with Steam
Match 43023364
Unlisted
Match 43023364
Overview
Messages
Build Orders
End
Kettenkrad Recon Vehicle
Construct Infanterie Kompanie
Grenadier Squad
Grenadier Squad
Grenadier Squad
MG 42 Machine Gun Team
Construct Luftwaffe Kompanie
Flak 30 Anti-aircraft Gun Team
Flak 30 Anti-aircraft Gun Team
Support Elements
Medical Station
Jäger Squad
Pioneer Squad
Jäger Squad
Wirbelwind Flakpanzer
Wirbelwind Flakpanzer
Marder III M Tank Destroyer
Selects Mechanized Battlegroup
Selects Spotting Scopes
Selects Wespe Self-propelled Artillery
Selects Zeroing Artillery Barrage
Wespe Self-propelled Artillery
Selects Raid Package
Pioneer Squad
Kettenkrad Recon Vehicle
Jäger Squad
Grenadier Squad
Selects StuG Assault Group
Selects UNKNOWN (2160084)
Construct Panzer Kompanie
Zeroing Artillery Barrage
Jopjahh
HEINZBEANZ - 57 VARIETIES
0
0
Comments
sign in to comment!
No comments posted yet!